 Dungeon Crawl Stone Soup version 0.27-a0-1273-gec92ba881d (webtiles) character file.

Game seed: 5037549247075637448

22882 Vylera the Dancer (level 12, -10/89 HPs)
             Began as a Demonspawn Ice Elementalist on June 11, 2021.
             Was a Follower of Uskayaw.
             Mangled by a hell knight
             ... wielding a +3 halberd of flaming
              (14 damage)
             ... in a volcano.
             The game lasted 00:52:19 (14549 turns).

Vylera the Dancer (Demonspawn Ice Elementalist)    Turns: 14549, Time: 00:52:19

Health: -10/89     AC: 22    Str: 16    XL:     12   Next: 66%
Magic:  14/21      EV: 15    Int: 25    God:    Uskayaw [*.....]
Gold:   380        SH:  0    Dex: 17    Spells: 12/19 levels left

rFire    . . .     SeeInvis +   c - +2 demon trident (vamp)
rCold    . . .     Faith    .   (no shield)
rNeg     . . .     Spirit   .   K - +3 leather armour {Will+}
rPois    .         Reflect  +   d - +0 helmet
rElec    .         Harm     .   J - +1 cloak
rCorr    .         Rampage  +   (no gloves)
Will     +....                  N - +0 pair of boots
Stlth    ..........             w - amulet "Halai" {Reflect Rampage +Inv SH+5 SInv Stlth-}
HPRegen  0.24/turn              r - +6 ring of strength
MPRegen  0.17/turn              B - ring of Ughuojumn {*Corrode Int+6 Dex+2 Slay+3}

@: confused, ice-armoured, ambrosia-drunk, freezing walls
A: claws 1, yellow scales 2, icemail 2, condensation shield
a: Renounce Religion, Evoke Invisibility, Stomp


You were in a volcano.
You worshipped Uskayaw.
Uskayaw was pleased with you.
You visited 2 branches of the dungeon, and saw 12 of its levels.
You also visited: Volcano.

You collected 1622 gold pieces.
You spent 1242 gold pieces at shops.

Inventory:

Hand Weapons
 a - a +0 long sword of distortion
 c - a +2 vampiric demon trident (weapon)
 q - a +3 whip
 s - a +2 hand axe of flaming
 M - a +4 scimitar
Missiles
 f - 42 poisoned darts
 x - 3 curare-tipped darts
 L - 4 throwing nets
Armour
 d - a +0 helmet (worn)
 i - a +0 robe of fire resistance
 J - a +1 cloak (worn)
 K - a +3 leather armour of willpower (worn)
 N - a +0 pair of boots (worn)
Jewellery
 h - an amulet of regeneration
 r - a +6 ring of strength (left claw)
 u - a ring of ice
 w - the amulet "Halai" (around neck) {Reflect Rampage +Inv SH+5 SInv Stlth-}
   (You bought it in a shop on level 1 of the Dungeon)

   [amulet of reflection]

   It reflects blocked missile attacks.
   It lets you see invisible.
   It lets you turn invisible.
   It affects your SH (+5).
   It bestows one free step when moving towards enemies.
   It makes you less stealthy.
 y - an amulet of reflection
 B - the ring of Ughuojumn (right claw) {*Corrode Int+6 Dex+2 Slay+3}
   (You found it on level 5 of the Dungeon)

   [ring of intelligence]

   It affects your intelligence (+6).
   It affects your dexterity (+2).
   It affects your accuracy and damage with ranged weapons and melee attacks
   (+3).
   It may corrode you when you take damage.
 O - the amulet of the Air {Inacc Air Fly rElec RMsl}
   (You found it on level 10 of the Dungeon)

   [amulet of nothing]

   It insulates you from electricity.
   It grants you flight.
   It protects you from missiles.
 P - a ring of ice
Wands
 k - a wand of iceblast (11)
 o - a wand of polymorph (11)
 v - a wand of charming (14)
 z - a wand of acid (11)
 F - a wand of flame (33)
 G - a wand of digging (3)
Scrolls
 b - a scroll of torment
 j - 3 scrolls of teleportation
 n - 2 scrolls of fear
 p - 4 scrolls of vulnerability
 t - 4 scrolls of immolation
 A - a scroll of fog
 H - 2 scrolls of magic mapping
 T - 2 scrolls of summoning
Potions
 e - 6 potions of mutation
 g - 5 potions of curing
 m - 2 potions of might
 C - 2 potions of lignification
 D - 2 potions of flight
 E - a potion of berserk rage {unknown}
Miscellaneous
 l - a phial of floods


   Skills:
 - Level 6.8 Fighting
 * Level 7.2 Polearms
 + Level 8.7 Armour
 + Level 6.1 Dodging
 - Level 6.0 Stealth
 - Level 4.0 Spellcasting
 + Level 2.6 Conjurations
 + Level 8.4 Ice Magic
 + Level 12.7 Invocations


You had 12 spell levels left.
You knew the following spells:

 Your Spells              Type           Power      Damage    Failure   Level
a - Freeze                Ice            100%       1d11      1%          1
b - Frozen Ramparts       Ice            94%        1d11      1%          3
c - Ozocubu's Armour      Ice            47%        N/A       1%          3

Your spell library contained the following spells:

 Spells                   Type           Power      Damage    Failure   Level
 Sandblast                Erth           10%        2d5       11%         1
 Hailstorm                Conj/Ice       32%        3d8       11%         4
 Passwall                 Tmut/Erth      4%         N/A       16%         2
 Stone Arrow              Conj/Erth      22%        3d8       19%         3
 Metabolic Englaciation   Hex/Ice        13%        N/A       45%         5
 Petrify                  Tmut/Erth      5%         N/A       71%         4
 Lee's Rapid Deconstruct  Erth           2%         3d6*      96%         5


Dungeon Overview and Level Annotations

Branches:
Dungeon (11/15)            Temple (0/1) D:6            Lair (1/6) D:11
    Orc (0/2) D:11        Volcano (1/1)

Altars:
Uskayaw
Vehumet
Wu Jian
Xom
Yredelemnul
The Shining One

Shops:
D:1 ==   D:4 *   D:8 ?   D:10 (**

Portals:
Trove: D:11 (give +4 demon trident)


Innate Abilities, Weirdness & Mutations

You have sharp fingernails.
You are mostly covered in yellow scales. (AC +3)
A meltable icy envelope protects you from harm. (AC +0)
A meltable shield of frost defends you. (SH +0)


Message History

The hell knight hits you from afar with a +3 halberd of flaming!
The hell knight burns you. The heat melts your icy armour.
Your icy armour and frozen ramparts will break if you move.
Continue?
Your icy armour cracks and falls away as you move.
The frozen ramparts melt away as you move.
The hell knight casts a spell.
The hell knight seems to speed up.
Casting: Ozocubu's Armour (safe; 1% risk of failure)
Confirm with . or Enter, or press ? or * to list all spells.
Casting: Frozen Ramparts (safe; 1% risk of failure)
Press: ? - help, Dir - look around, f - activate The walls around you are covered in ice.
Casting: Frozen Ramparts (safe; 1% risk of failure)
Confirm with . or Enter, or press ? or * to list all spells.
A film of ice covers your body!
The wall freezes the hell knight.
The hell knight completely misses you.
The wall freezes the hell knight.
The hell knight hits you from afar with a +3 halberd of flaming!
The hell knight burns you. The heat melts your icy armour.
Reach: c) +2 demon trident (vamp)
Press: ? - help, Dir - move target, f - hell knight
Aim: a hell knight, wielding a +3 halberd of flaming and wearing a +2 chain mail of fire resistance (lightly wounded, fast, about 25% to evade your +2 vampiric demon trident)
You reach to attack!
You completely miss the hell knight.
The hell knight is lightly wounded.
The wall freezes the hell knight.
The hell knight hits you from afar with a +3 halberd of flaming!
* * * LOW HITPOINT WARNING * * *
The hell knight burns you.
* * * LOW HITPOINT WARNING * * *
The heat melts your icy armour.
You are confused.
You feel invigorated.
The wall freezes the hell knight.
The hell knight hits you from afar with a +3 halberd of flaming!
* * * LOW HITPOINT WARNING * * *
The hell knight burns you.
* * * LOW HITPOINT WARNING * * *
The wall freezes the hell knight!
The hell knight hits you from afar with a +3 halberd of flaming!
You die...

≈≈§≈ #.#.#([..#...≈≈§ ≈≈≈
#.#.#.[..#..≈..≈ ≈§
#.#.#.)..#.≈≈≈≈. ≈≈
#.#.######..≈≈≈§ ≈≈§
#.#......#§§§§§§ °☼≈°
###++###)###''###§.§§≈§ ≈≈≈≈≈
#....#..)..#....#..§§§≈ ≈≈§§≈
#.∩..#.8_8.#..∩.#.≈≈§≈≈ ≈§§§≈
#...p'@....)....#.§≈§§≈ §§≈§§§ ≈
#################.≈§≈§≈ §≈§≈≈ ≈§§
§≈≈≈§ §≈§≈≈≈§≈§§.≈ .≈≈
...≈≈.≈≈≈§≈
§≈≈§§§≈≈≈≈≈≈≈≈≈≈≈≈≈≈≈§§§≈≈§§§≈≈≈§
≈§≈≈≈§≈≈≈≈≈≈≈≈≈≈≈≈≈≈≈≈§≈§≈§§§§§≈≈
≈≈≈≈§§§≈≈≈≈≈≈§≈≈≈≈≈≈≈§≈§§§≈≈≈≈≈§≈
..≈§§≈≈≈≈≈§≈≈§§§≈≈§§≈§≈§§§≈≈≈≈≈≈§
...≈≈§≈≈§§§≈≈≈≈≈≈≈≈§≈§§§≈≈§≈≈§§§≈


You could see a hell knight (fast).

Vanquished Creatures
  Snorg (D:11)
  Harold (D:7)
  2 hydras
  An ogre mage (Volcano)
  5 two-headed ogres
  A molten gargoyle (Volcano)
  2 unseen horrors (D:10)
  3 kobold demonologists (D:11)
  A cane toad (Lair:1)
  A komodo dragon (D:8)
  A hornet (D:7)
  Prince Ribbit (D:8)
  Grinder (D:3)
  A shadow (D:11)
  32 yaks
  2 wyverns (D:11)
  2 fire bats (Volcano)
  2 vampires
  3 basilisks
  Grum (D:9)
  An acid dragon (D:10)
  6 water moccasins
  6 orc warriors
  A swamp drake (D:11)
  A necrophage (D:4)
  A black bear (D:6)
  12 wolves
  3 ogres
  7 centaurs
  2 phantoms (D:6)
  4 kobold brigands
  3 bullfrogs
  2 wyvern zombies
  2 scorpions (D:5)
  2 water moccasin skeletons
  8 killer bees (D:10)
  8 wights
  10 centaur zombies
  A crimson imp (D:6)
  8 lava snakes (Volcano)
  9 orc priests
  2 gnoll shamans
  2 hounds
  4 iguanas
  A centaur skeleton (D:6)
  Natasha (thrice) (D:2)
  6 orc wizards
  2 hound skeletons
  4 howler monkey zombies (D:9)
  8 gnolls
  4 adders
  A white imp (D:7)
  An ufetubus (D:6)
  4 worms
  3 dart slugs
  27 orcs
  5 ball pythons
  4 endoplasms
  2 giant cockroaches
  7 jackals
  20 kobolds
  5 quokkas
  6 bats
  10 goblins
  2 goblin skeletons (D:6)
  A goblin zombie (D:6)
  A hobgoblin zombie (D:6)
  A kobold skeleton (D:6)
  2 orc zombies (D:6)
  6 rats (D:1)
305 creatures vanquished.

Vanquished Creatures (others)
  An orc (D:11)
  A bush (D:11)
  4 fungi
  11 plants (D:11)
17 creatures vanquished.

Grand Total: 322 creatures vanquished

Notes
Turn   | Place    | Note
-------+----------+-------------------------------------------
     0 | D:1      | Vylera the Demonspawn Ice Elementalist began the quest for
                  | the Orb.
     0 | D:1      | Reached XP level 1. HP: 13/13 MP: 3/3
   232 | D:1      | Found Cutsougo's Jewellery Shoppe.
   236 | D:1      | Gained mutation: You have sharp fingernails. [demonic
                  | ancestry]
   236 | D:1      | Reached XP level 2. HP: 15/19 MP: 1/5
   615 | D:1      | Found Siumar's Jewellery Emporium.
  1037 | D:1      | Gained mutation: A meltable shield of frost defends you.
                  | (SH +0) [demonic ancestry]
  1037 | D:1      | Reached XP level 3. HP: 24/24 MP: 6/6
  1311 | D:2      | Found a faded altar of an unknown god.
  1535 | D:2      | Noticed Natasha
  1540 | D:2      | Killed Natasha
  1554 | D:2      | Noticed Natasha
  1564 | D:2      | Killed Natasha
  1565 | D:2      | Reached skill level 5 in Ice Magic
  1565 | D:2      | Gained mutation: You are partially covered in yellow
                  | scales. (AC +2) [demonic ancestry]
  1565 | D:2      | Reached XP level 4. HP: 19/30 MP: 1/7
  1797 | D:2      | Noticed Natasha
  1804 | D:2      | Killed Natasha
  2100 | D:3      | Learned a level 3 spell: Frozen Ramparts
  2104 | D:3      | Learned a level 3 spell: Ozocubu's Armour
  2292 | D:3      | Noticed Grinder
  2429 | D:3      | Found a hide-covered altar of Uskayaw.
  2452 | D:3      | Became a worshipper of Uskayaw the Reveller
  2650 | D:3      | Reached * piety under Uskayaw
  2652 | D:3      | Reached ** piety under Uskayaw
  2653 | D:3      | Reached XP level 5. HP: 35/35 MP: 4/8
  3070 | D:3      | Paralysed by Grinder for 3 turns
  3256 | D:4      | Found Viusid's General Store.
  3261 | D:4      | Noticed a necrophage
  3271 | D:4      | Reached *** piety under Uskayaw
  3272 | D:4      | Killed a necrophage
  3452 | D:4      | Noticed a water moccasin
  3458 | D:4      | Killed a water moccasin
  3459 | D:4      | Reached skill level 1 in Invocations
  3459 | D:4      | Gained mutation: You are mostly covered in yellow scales.
                  | (AC +3) [demonic ancestry]
  3459 | D:4      | Reached XP level 6. HP: 41/41 MP: 0/10
  4262 | D:5      | Entered Level 5 of the Dungeon
  4303 | D:5      | Reached skill level 2 in Invocations
  4303 | D:5      | Gained mutation: A meltable icy envelope protects you from
                  | harm. (AC +0) [demonic ancestry]
  4303 | D:5      | Reached XP level 7. HP: 46/46 MP: 1/11
  4610 | D:5      | Reached **** piety under Uskayaw
  4612 | D:5      | Reached skill level 3 in Invocations
  4875 | D:5      | Gained mutation: A meltable icy envelope protects you from
                  | harm. (AC +0) [demonic ancestry]
  4875 | D:5      | Reached XP level 8. HP: 51/52 MP: 9/13
  4969 | D:5      | Reached skill level 4 in Invocations
  4990 | D:5      | Identified the ring of Ughuojumn {*Corrode Int+6 Dex+2
                  | Slay+3}
  5255 | D:5      | Found a shimmering altar of Xom.
  5260 | D:5      | Found an ornate altar of the Wu Jian Council.
  5846 | D:6      | Found a staircase to the Ecumenical Temple.
  5877 | D:6      | Found a radiant altar of Vehumet.
  5904 | D:6      | Reached skill level 1 in Armour
  6051 | D:6      | Reached skill level 5 in Invocations
  6163 | D:6      | Reached skill level 5 in Stealth
  6773 | D:7      | Reached skill level 1 in Fighting
  6783 | D:7      | Reached skill level 6 in Invocations
  6962 | D:7      | Reached XP level 9. HP: 59/59 MP: 15/15
  7055 | D:7      | Paralysed by a hornet for 2 turns
  7351 | D:7      | Noticed Harold
  7359 | D:7      | Killed Harold
  7360 | D:7      | Reached skill level 7 in Invocations
  7810 | D:8      | Found Taffy's Magic Scroll Boutique.
  7879 | D:8      | Noticed Prince Ribbit
  7880 | D:8      | Noticed a komodo dragon
  7885 | D:8      | Killed Prince Ribbit
  7887 | D:8      | Killed a komodo dragon
  7888 | D:8      | Reached skill level 5 in Armour
  7888 | D:8      | Reached skill level 8 in Invocations
  7981 | D:8      | Reached XP level 10. HP: 73/73 MP: 7/16
  8358 | D:8      | Reached skill level 5 in Fighting
  8789 | D:8      | Reached skill level 9 in Invocations
  8795 | D:8      | Reached ***** piety under Uskayaw
  9037 | D:9      | Reached skill level 10 in Invocations
  9137 | D:9      | Noticed a five-headed hydra
  9284 | D:9      | Noticed Grum
  9292 | D:9      | Killed Grum
  9292 | D:9      | Reached ****** piety under Uskayaw
  9378 | D:9      | Found a basalt altar of Yredelemnul.
  9546 | D:9      | Killed a four-headed hydra
  9547 | D:9      | Reached XP level 11. HP: 66/83 MP: 9/18
  9842 | D:10     | Entered Level 10 of the Dungeon
  9847 | D:10     | Identified a scroll of acquirement
  9852 | D:10     | Acquired 897 gold pieces
  9999 | D:4      | Bought a scroll of acquirement for 728 gold pieces
  9999 | D:4      | Acquired a +0 vampiric demon trident
 10050 | D:3      | Killed Grinder
 10109 | D:1      | Bought the amulet "Halai" {Reflect Rampage +Inv SH+5 SInv
                  | Stlth-} for 514 gold pieces
 10331 | D:10     | Reached skill level 1 in Polearms
 10528 | D:10     | Found Huozoen's General Store.
 10594 | D:10     | Reached skill level 11 in Invocations
 11158 | D:10     | Found Kigag's Assorted Antiques.
 11259 | D:10     | Found Ulashrel's Weapon Emporium.
 11569 | D:10     | Found the amulet of the Air {Inacc Air Fly rElec RMsl}
 11825 | D:11     | Found a staircase to the Lair.
 11965 | D:11     | Noticed a soul eater
 11971 | D:11     | Noticed a sixfirhy
 12268 | D:11     | Reached skill level 5 in Polearms
 12525 | D:11     | Found a staircase to the Orcish Mines.
 12664 | D:11     | Reached skill level 5 in Dodging
 12713 | D:11     | Noticed Snorg
 12715 | D:11     | Noticed a two-headed ogre
 12722 | D:11     | Killed Snorg
 12723 | D:11     | Reached skill level 12 in Invocations
 12723 | D:11     | Reached XP level 12. HP: 89/89 MP: 14/21
 12728 | D:11     | Killed a two-headed ogre
 12878 | D:11     | Noticed a seven-headed hydra
 12892 | D:11     | Killed a seven-headed hydra
 12945 | D:11     | Found a portal to a secret trove of treasure.
 13271 | Lair:1   | Entered Level 1 of the Lair of Beasts
 13283 | Lair:1   | Reached skill level 1 in Conjurations
 13323 | Lair:1   | Found a dark tunnel.
 13341 | Volcano  | Entered a volcano
 14198 | Volcano  | Found a bloodstained altar of Trog.
 14198 | Volcano  | Noticed a two-headed ogre
 14198 | Volcano  | Noticed a two-headed ogre
 14198 | Volcano  | Noticed an ogre mage
 14198 | Volcano  | Noticed a two-headed ogre
 14205 | Volcano  | Killed a two-headed ogre
 14206 | Volcano  | Killed a two-headed ogre
 14206 | Volcano  | Killed an ogre mage
 14207 | Volcano  | Killed a two-headed ogre
 14310 | Volcano  | Noticed a two-headed ogre
 14316 | Volcano  | Killed a two-headed ogre
 14549 | Volcano  | HP: 4/89 [hell knight/+3 halberd of flaming (1)]
 14549 | Volcano  | Mangled by a hell knight

Illustrated notes

Levels and vault maps discovered:
D:1:      minmay_arrival_four_loops, layout_loops_ring, serial_shops, shop,
          shop, minmay_surrounded
D:2:      layout_basic, chequers_ecumenical_altar_simple_redux, uniq_natasha
D:3:      layout_loops_ring, eat_drink_and_be_merry_uskayaw, minmay_ruptured,
          uniq_grinder
D:4:      layout_basic, serial_shops, nicolae_shop_trees
D:5:      layout_basic, minitemple, minmay_misc_feat_chi
D:6:      layout_basic, nicolae_vehumet_radiance, nicolae_tso_besieged_by_evil,
          minmay_temple_entry_wispy
D:7:      layout_gridville, uniq_harold
D:8:      layout_basic, serial_shops, shop, uniq_prince_ribbit1
D:9:      layout_cave_pools, nicolae_yredelemnul_corpse_copse, uniq_grum
D:10:     layout_basic, serial_shops, shop, kennysheep_mini_moat, shop,
          minmay_chambers_of_fives
D:11:     layout_basic, minmay_lair_entry_grove, erik_orc_1,
          nicolae_trove_entry_free_sample, uniq_snorg
Lair:1:   layout_cave_pods, nicolae_volcano_entry_two_sided
Volcano:  volcano_lake [vl_original]

Skill      XL: |  1  2  3  4  5  6  7  8  9 10 11 12 |
---------------+-------------------------------------+-----
Ice Magic      | 4 5 6 7 8 |  8.4
Stealth        | 2 3 4 5 6 |  6.0
Invocations    | 1 2 3 6 8 10 12 | 12.7
Spellcasting   | 3 4 |  4.0
Armour         | 2 5 6 8 |  8.7
Fighting       | 1 4 6 |  6.8
Dodging        | 3 5 6 |  6.1
Polearms       | 5 7 |  7.2
Conjurations   | 2 |  2.6

Action                   |  1- 3 |  4- 6 |  7- 9 | 10-12 || total
-------------------------+-------+-------+-------+-------++-------
Melee: Dagger            |    38 |    46 |       |       ||    84
       Unarmed           |     1 |       |       |       ||     1
       Falchion          |       |    33 |       |       ||    33
       Hand axe          |       |     8 |   101 |    56 ||   165
       Demon trident     |       |       |       |   265 ||   265
Throw: Dart              |     6 |     7 |       |     1 ||    14
 Cast: Freeze            |    32 |    30 |    58 |    42 ||   162
       Frozen Ramparts   |       |    14 |    29 |    48 ||    91
       Ozocubu's Armour  |       |     6 |    15 |    25 ||    46
Evoke: Wand              |       |       |       |     7 ||     7
  Use: Scroll            |       |       |       |    24 ||    24
       Potion            |       |       |       |    10 ||    10
 Stab: Sleeping          |       |     4 |     6 |       ||    10
       Paralysed         |       |     3 |    10 |    40 ||    53
       Confused          |       |       |       |     1 ||     1
Armor: Robe              |    20 |    40 |    75 |       ||   135
       Leather armour    |       |       |    20 |   223 ||   243
       Skin              |       |       |       |     3 ||     3
Dodge: Dodged            |    43 |    60 |    95 |   257 ||   455
Block: Other             |       |    25 |    31 |   147 ||   203
       Reflection        |       |       |       |     7 ||     7
       Rpst.: Falchion   |       |     6 |       |       ||     6

Table legend: (Time is in decaauts)
 A = Elapsed time spent in this place.
 B = Non-inter-level travel time spent in this place.
 C = Inter-level travel time spent in this place.
 D = Time resting spent in this place.
 E = Time spent auto-exploring this place.
 F = Levels seen in this place.
 G = Mean time per level.
                   A        B        C        D        E       F      G
               +--------+--------+--------+--------+--------+-----+--------+
         Total |  14639 |  13917 |    722 |   1574 |   9534 |  13 | 1126.1 |
       Dungeon |  13363 |  12641 |    722 |    811 |   9496 |  11 | 1214.8 |
          Lair |     69 |     69 |      0 |      0 |      0 |   1 |   69.0 |
       Volcano |   1206 |   1206 |      0 |    763 |     38 |   1 | 1206.0 |
               +--------+--------+--------+--------+--------+-----+--------+

Top non-repeatable levels by time:
    D:11: 1677 daAuts
     D:8: 1469 daAuts
     D:5: 1411 daAuts
    D:10: 1324 daAuts
     D:1: 1313 daAuts
     D:3: 1289 daAuts
 Volcano: 1206 daAuts
     D:4: 1132 daAuts
     D:6: 1121 daAuts
     D:7: 974 daAuts
     D:9: 878 daAuts
     D:2: 772 daAuts
  Lair:1: 69 daAuts
